[Event "Titled Tuesday Blitz May 2 Early 2023"]
[White "Tristan, Leonardo"]
[Black "Yu, Yangyi"]
[WhiteFideId "113816"]
[BlackFideId "8603820"]
[WhiteElo "2461"]
[BlackElo "2783"]
[Result "0-1"]
[Round "03"]
[TimeControl "180+2"]
[Date "2023.05.02"]
[WhiteClock "0:00:07"]
[BlackClock "0:00:16"]

1. d4 Nf6 2. Nf3 e6 3. Bf4 c5 4. c3 Nc6 5. e3 Be7 6. h3 Qb6 7. Qb3 d5 8. Nbd2 O-O 9. Be2 Bd7 10. O-O Qxb3 11. axb3 a6 12. dxc5 Bxc5 13. b4 Be7 14. Bd3 Rfd8 15. e4 Be8 16. e5 Nd7 17. Nb3 f6 18. Rfe1 Bf7 19. exf6 gxf6 20. Bc7 Rdc8 21. Bg3 e5 22. Bf5 Rd8 23. Na5 Nxa5 24. Rxa5 Nb6 25. Nd2 Kg7 26. f4 e4 27. Bf2 Nc8 28. Nb3 Nd6 29. Nd4 Kg8 30. Re3 Nc4 31. Rg3+ Kh8 32. Ra2 Bd6 33. b3 Nb6 34. Rg4 Nd7 35. Rh4 Nf8 36. Bg4 Ng6 37. Rh5 Bxf4 38. Rf5 Be5 39. h4 Rac8 40. h5 Ne7 41. Rxe5 fxe5 42. Bxc8 Rxc8 43. Ne2 Bxh5 44. Ng3 Bg4 45. c4 h5 46. Bc5 Nf5 47. cxd5 Nxg3 48. d6 Ne2+ 49. Kh2 Nd4 50. Rd2 e3 51. Rxd4 exd4 52. Bxd4+ Kg8 53. Bxe3 Rd8 54. Bf4 Kf7 55. Kg3 Ke6 56. Kh4 Rd7 57. Kg5 Rxd6 58. Bxd6 Kxd6 59. Kf6 Kc6 60. b5+ Kxb5 0-1


[Site "https://www.chess.com"]

[Event "Titled Tuesday Blitz May 2 Early 2023"]
[White "Andreikin, Dmitry"]
[Black "Seo, Jung Min"]
[WhiteFideId "4158814"]
[BlackFideId "1734687"]
[WhiteElo "2736"]
[BlackElo "2468"]
[Result "1-0"]
[Round "03"]
[TimeControl "180+2"]
[Date "2023.05.02"]
[WhiteClock "0:00:40"]
[BlackClock "0:00:51"]

1. d4 d6 2. Nf3 Nf6 3. Nc3 d5 4. Bf4 a6 5. e3 Bf5 6. Ne5 h5 7. Bd3 Bxd3 8. cxd3 e6 9. Qb3 Qc8 10. O-O-O Nbd7 11. Kb1 Nxe5 12. dxe5 Nd7 13. d4 c5 14. e4 cxd4 15. Rxd4 Nc5 16. Qc2 Nxe4 17. Nxe4 Qxc2+ 18. Kxc2 dxe4 19. Rxe4 Rc8+ 20. Kb3 Bc5 21. Rc4 Kd7 22. Rd1+ Ke7 23. Rdc1 b6 24. Be3 Rhd8 25. Bxc5+ bxc5 26. Rxc5 Rd3+ 27. R5c3 Rb8+ 28. Ka3 Rd2 29. R1c2 Rxc2 30. Rxc2 Rb5 31. f4 g5 32. g3 h4 33. b4 hxg3 34. hxg3 gxf4 35. gxf4 f6 36. Rc7+ Kd8 37. Rc5 1-0


[Site "https://www.chess.com"]

[Event "Titled Tuesday Blitz May 2 Early 2023"]
[White "Weetik, Vjacheslav"]
[Black "Martinez Alcantara, Jose Eduardo"]
[WhiteFideId "4153472"]
[BlackFideId "3805662"]
[WhiteElo "2469"]
[BlackElo "2711"]
[Result "1-0"]
[Round "03"]
[TimeControl "180+2"]
[Date "2023.05.02"]
[WhiteClock "0:00:05"]
[BlackClock "0:00:17"]

1. e4 c5 2. Nf3 d6 3. Bb5+ Nd7 4. c3 a6 5. Ba4 b5 6. Bc2 Bb7 7. O-O Ngf6 8. Re1 Qc7 9. d3 g6 10. h3 Bg7 11. Bf4 O-O 12. Nbd2 e5 13. Bh2 Rfe8 14. Rc1 Qb6 15. Bb3 Bh6 16. Rb1 Rac8 17. Bg3 Qc7 18. Bh4 Bg7 19. Ng5 Re7 20. a4 Nb6 21. a5 Nbd7 22. Ra1 h6 23. Ngf3 Ree8 24. Qb1 Nf8 25. d4 c4 26. Bc2 Ne6 27. d5 Nc5 28. Nh2 Rf8 29. Ng4 Nh7 30. Ne3 Rce8 31. b4 Nd7 32. Qd1 Bc8 33. Qe2 Ndf6 34. Ndxc4 bxc4 35. Qxc4 Qb8 36. Qb3 Nh5 37. c4 Bf6 38. Bxf6 N7xf6 39. c5 Nf4 40. c6 Nh7 41. Nf1 Ng5 42. h4 Nh7 43. Rab1 Qc7 44. b5 axb5 45. Qxb5 Qe7 46. g3 Nh3+ 47. Kg2 g5 48. Ne3 gxh4 49. Rh1 Qg5 50. Rxh3 Bxh3+ 51. Kxh3 hxg3 52. Rg1 Kh8 53. Rxg3 Qf4 54. Kg2 Rg8 55. Qe2 Rxg3+ 56. fxg3 Qg5 57. Nf5 Rg8 58. Qf2 Qf6 59. a6 h5 60. a7 Ra8 61. Qb6 Rg8 62. Qb8 Qg5 63. a8=Q Qd2+ 64. Kh1 Qc1+ 65. Kh2 Qxc2+ 66. Kh1 Qxe4+ 67. Kh2 Qe2+ 68. Kg1 Qe1+ 69. Kg2 Qd2+ 70. Kg1 Qd1+ 71. Kh2 Qd2+ 72. Kg1 Qc1+ 73. Kh2 Qc2+ 74. Kg1 Qc5+ 75. Kh2 Qc2+ 76. Kg1 Qd1+ 77. Kh2 Qe2+ 78. Kg1 Qe1+ 79. Kh2 Qf2+ 80. Kh1 Nf6 81. Qxg8+ Nxg8 82. Nh4 Qf1+ 83. Kh2 Qe2+ 84. Ng2 Kg7 85. c7 Nf6 86. c8=Q Ng4+ 87. Kh3 Nf2+ 88. Kh2 Ng4+ 89. Kh3 Nf2+ 90. Kh4 Ng4 91. Qf8+ Kf6 92. Qh8+ Kf5 93. Qxh5+ Kf6 94. Qg5# 1-0


[Site "https://www.chess.com"]

[Event "Titled Tuesday Blitz May 2 Early 2023"]
[White "Duda, Jan-Krzysztof"]
[Black "Fernandez Guillen, Ernesto J."]
[WhiteFideId "1170546"]
[BlackFideId "3512428"]
[WhiteElo "2790"]
[BlackElo "2423"]
[Result "1-0"]
[Round "03"]
[TimeControl "180+2"]
[Date "2023.05.02"]
[WhiteClock "0:00:49"]
[BlackClock "0:00:15"]

1. d4 Nf6 2. Bf4 b6 3. e3 Bb7 4. Nf3 e6 5. c4 c5 6. Nc3 cxd4 7. exd4 Bb4 8. Bd3 O-O 9. O-O h6 10. Nb5 d5 11. Nc7 Nc6 12. Nxa8 Qxa8 13. c5 bxc5 14. a3 Ba5 15. dxc5 Re8 16. b4 Bd8 17. b5 Na5 18. c6 Bc8 19. Re1 Bb6 20. h3 a6 21. a4 Qa7 22. Be3 d4 23. Bf4 Nd5 24. Bg3 f6 25. Nd2 e5 26. Qh5 Kf8 27. f4 Nb4 28. fxe5 Nxd3 29. exf6 Nxe1 30. Bd6+ Kg8 31. Qxe8+ Kh7 32. f7 d3+ 33. Kh1 Bxh3 34. gxh3 1-0


[Site "https://www.chess.com"]

[Event "Titled Tuesday Blitz May 2 Early 2023"]
[White "Lavrik, Dmitry"]
[Black "Sarana, Alexey"]
[WhiteFideId "24113190"]
[BlackFideId "24133795"]
[WhiteElo "2345"]
[BlackElo "2714"]
[Result "0-1"]
[Round "03"]
[TimeControl "180+2"]
[Date "2023.05.02"]
[WhiteClock "0:00:09"]
[BlackClock "0:00:15"]

1. c4 e6 2. g3 d5 3. Bg2 dxc4 4. Qa4+ Nd7 5. Qxc4 a6 6. Qc2 c5 7. Nf3 Ngf6 8. O-O b5 9. d4 Bb7 10. Rd1 Rc8 11. Qd2 Qb6 12. Nc3 Bxf3 13. Bxf3 cxd4 14. Ne4 Nxe4 15. Bxe4 Nf6 16. Bg2 Rd8 17. a4 b4 18. a5 Qb5 19. Qd3 Qxd3 20. Rxd3 Bc5 21. Bb7 e5 22. f3 Rd6 23. Bd2 Ke7 24. Rc1 Nd7 25. f4 Rb8 26. Be4 Rb5 27. Bxh7 g6 28. f5 Rxa5 29. fxg6 fxg6 30. Bg5+ Ke8 31. Kg2 e4 32. Rdd1 Kf7 33. Bh6 Nf6 34. Rf1 d3 35. exd3 exd3 36. h4 d2 37. Rcd1 Ra2 38. Kh3 Rxb2 39. g4 Rb3+ 40. Kg2 Ke6 41. Bxg6 Nd5 42. Bf5+ Ke7 43. Bxd2 Be3 44. Bxe3 Nxe3+ 0-1


[Site "https://www.chess.com"]

[Event "Titled Tuesday Blitz May 2 Early 2023"]
[White "Gritsenko, Nikolai"]
[Black "Bortnyk, Olexandr"]
[WhiteFideId "14112493"]
[BlackFideId "14120828"]
[WhiteElo "2389"]
[BlackElo "2734"]
[Result "0-1"]
[Round "03"]
[TimeControl "180+2"]
[Date "2023.05.02"]
[WhiteClock "0:00:01"]
[BlackClock "0:00:04"]

1. d4 d6 2. Bf4 Nf6 3. Nf3 Nbd7 4. e3 b6 5. h3 Bb7 6. Be2 e6 7. c4 Be7 8. Nc3 h6 9. Qc2 a5 10. a3 Qb8 11. O-O-O Ba6 12. g4 Qb7 13. Nd2 c6 14. Nde4 d5 15. Nd6+ Bxd6 16. Bxd6 Bxc4 17. Bxc4 dxc4 18. e4 b5 19. Ne2 O-O-O 20. f3 Nb6 21. Be5 b4 22. Kd2 Nfd7 23. Bg3 Nc5 24. Ke3 Nb3 25. axb4 axb4 26. Nc1 Nxd4 27. Rxd4 Rxd4 28. Kxd4 Qa7 29. Bf2 Rd8+ 30. Ke3 b3 31. Nxb3 Rd3+ 32. Ke2 Rxb3 33. Rd1 Qa2 34. Rd2 Qa6 35. Bxb6 c3+ 36. Qd3 Qxd3+ 37. Rxd3 Rxb2+ 38. Kd1 c2+ 39. Kc1 Rxb6 40. Kxc2 Kc7 41. Ra3 e5 42. Ra7+ Rb7 43. Ra8 Kd6 44. Rg8 f6 45. Kc3 Kc5 46. h4 Ra7 47. Kd2 Kd4 48. Rd8+ Kc4 49. h5 c5 50. Ke3 Kc3 51. f4 exf4+ 52. Kxf4 c4 53. e5 fxe5+ 54. Kxe5 Kb2 55. Rb8+ Kc2 56. Rc8 c3 0-1


[Site "https://www.chess.com"]

[Event "Titled Tuesday Blitz May 2 Early 2023"]
[White "Le, Tuan Minh"]
[Black "Averjanov, Alexey"]
[WhiteFideId "12401153"]
[BlackFideId "14109867"]
[WhiteElo "2566"]
[BlackElo "2399"]
[Result "1-0"]
[Round "03"]
[TimeControl "180+2"]
[Date "2023.05.02"]
[WhiteClock "0:01:34"]
[BlackClock "0:00:02"]

1. d4 d5 2. Nf3 Nf6 3. Bf4 e6 4. e3 c5 5. c3 Bd6 6. Nbd2 Qc7 7. Bxd6 Qxd6 8. Ne5 O-O 9. Bd3 b6 10. Qe2 a5 11. f4 Ba6 12. Bxa6 Nxa6 13. O-O Nb8 14. Rf3 Nc6 15. Rh3 Rab8 16. g4 Nd7 17. g5 Ndxe5 18. fxe5 Qe7 19. Qh5 h6 20. Nf3 cxd4 21. exd4 b5 22. Kh1 b4 23. Rg1 bxc3 24. bxc3 Rb2 25. gxh6 g6 26. Nh4 Kh8 27. Nxg6+ fxg6 28. Qxg6 Rfb8 29. h7 Rb1 30. Qg8+ Rxg8 31. hxg8=Q# 1-0


[Site "https://www.chess.com"]

[Event "Titled Tuesday Blitz May 2 Early 2023"]
[White "Karthik Rajaa"]
[Black "Maghsoodloo, Parham"]
[WhiteFideId "25035215"]
[BlackFideId "12539929"]
[WhiteElo "2215"]
[BlackElo "2647"]
[Result "1-0"]
[Round "03"]
[TimeControl "180+2"]
[Date "2023.05.02"]
[WhiteClock "0:00:07"]
[BlackClock "0:00:02"]

1. Nf3 d5 2. c4 d4 3. b4 c5 4. b5 Nd7 5. g3 e5 6. d3 Bd6 7. Bg2 Ne7 8. O-O O-O 9. a4 a5 10. e3 Ra7 11. Ba3 Nf6 12. exd4 exd4 13. Nbd2 Bf5 14. Qc2 b6 15. Nh4 Bc8 16. Rae1 h6 17. Bc1 g5 18. Nhf3 Ng6 19. Ne4 Nxe4 20. Rxe4 Re8 21. Rxe8+ Qxe8 22. Re1 Re7 23. Rxe7 Qxe7 24. Qd1 Bf5 25. Bf1 Kg7 26. h3 Qd7 27. Kh2 Be6 28. Nd2 f5 29. Bg2 Ne5 30. Qe2 Qf7 31. Nf3 Ng6 32. Kg1 Qf6 33. Ba3 h5 34. Bc1 g4 35. Bg5 Qf7 36. Nh4 Ne5 37. Bf4 Qf6 38. Qd2 Be7 39. Qe2 Nf7 40. Bc7 Bd8 41. Bb8 Qe7 42. hxg4 hxg4 43. Bf4 Qd7 44. Be5+ Kg8 45. Ng6 Bf6 46. Bxf6 Nd6 47. Nf4 Kf7 48. Nxe6 Kxf6 49. Nf4 Nf7 50. Bd5 Ng5 51. Nh5+ Kg6 52. Nf4+ Kf6 53. Kg2 Qh7 54. Kg1 1-0


[Site "https://www.chess.com"]

[Event "Titled Tuesday Blitz May 2 Early 2023"]
[White "Shimanov, Aleksandr"]
[Black "Lamaze, Simon"]
[WhiteFideId "4198603"]
[BlackFideId "36069264"]
[WhiteElo "2631"]
[BlackElo "2272"]
[Result "1/2-1/2"]
[Round "03"]
[TimeControl "180+2"]
[Date "2023.05.02"]
[WhiteClock "0:00:05"]
[BlackClock "0:00:23"]

1. e4 c5 2. d4 cxd4 3. Qxd4 Nc6 4. Qd3 g6 5. Nc3 Bg7 6. Nf3 d6 7. Be2 Nf6 8. O-O O-O 9. Nd5 Nxd5 10. exd5 Bf5 11. Qd1 Nb4 12. c3 Nc2 13. g4 Nxa1 14. gxf5 Qd7 15. Bd3 gxf5 16. Bd2 e5 17. dxe6 fxe6 18. Qxa1 e5 19. Bc2 e4 20. Nd4 d5 21. f4 Bxd4+ 22. cxd4 Kh8 23. Be3 Rg8+ 24. Kh1 Qb5 25. Rf2 Rac8 26. Qd1 Rg4 27. Rg2 Rxg2 28. Kxg2 Qe8 29. Bb3 Qg6+ 30. Kh1 Rg8 31. Qf1 Qc6 32. Qc1 Qg6 33. Qf1 Qf7 34. Qe2 a6 35. a3 b5 36. Bd2 Qg7 37. Be3 Qf7 38. Bd2 Qg7 39. Qf2 Qg4 40. Be3 a5 41. a4 b4 42. Qf1 Rd8 43. Bd1 Qg6 44. Qg2 Kg7 45. Qg3 Kf7 46. Qh4 Qf6 47. Qxh7+ Ke6 48. Kg2 Rh8 49. Qb7 Qh4 50. Qc6+ Ke7 51. Qc7+ Kf8 52. Qd6+ Kg7 53. Qd7+ Kg6 54. Qe6+ Kg7 55. Qe5+ Kg6 56. Qd6+ Kg7 57. Qc7+ Kg6 58. Qd6+ Kg7 1/2-1/2


[Site "https://www.chess.com"]

[Event "Titled Tuesday Blitz May 2 Early 2023"]
[White "Sammed Jaykumar, Shete"]
[Black "Kuzubov, Yuriy"]
[WhiteFideId "5073421"]
[BlackFideId "14112906"]
[WhiteElo "2278"]
[BlackElo "2496"]
[Result "0-1"]
[Round "03"]
[TimeControl "180+2"]
[Date "2023.05.02"]
[WhiteClock "0:01:02"]
[BlackClock "0:00:59"]

1. e4 c5 2. Nf3 Nc6 3. Bb5 d6 4. O-O Bd7 5. c3 a6 6. Ba4 Nf6 7. Re1 b5 8. Bc2 Bg4 9. h3 Bxf3 10. Qxf3 g6 11. Qd1 Bg7 12. d4 cxd4 13. cxd4 e5 14. d5 Nd4 15. Bd3 O-O 16. a4 Qb8 17. Nc3 b4 18. Ne2 Nd7 19. a5 Nc5 20. Nxd4 exd4 21. Bf4 Be5 22. Bh6 Re8 23. Rc1 Qc7 24. f4 Bg7 25. Ra1 Bxh6 0-1


[Site "https://www.chess.com"]

[Event "Titled Tuesday Blitz May 2 Early 2023"]
[White "Gupta, Abhijeet"]
[Black "Colas, Joshua"]
[WhiteFideId "5010608"]
[BlackFideId "2044447"]
[WhiteElo "2528"]
[BlackElo "2347"]
[Result "1-0"]
[Round "03"]
[TimeControl "180+2"]
[Date "2023.05.02"]
[WhiteClock "0:00:19"]
[BlackClock "0:00:04"]

1. d4 d5 2. Nf3 Nf6 3. Bf4 e6 4. e3 Bd6 5. Nbd2 O-O 6. c3 c5 7. Ne5 Qc7 8. Bd3 Nfd7 9. Ndf3 f6 10. Nxd7 Nxd7 11. Bg3 b6 12. O-O Bb7 13. Re1 f5 14. Bb5 Bc6 15. a4 a6 16. Bf1 Bxg3 17. hxg3 e5 18. dxe5 Nxe5 19. Nxe5 Qxe5 20. c4 dxc4 21. Bxc4+ Kh8 22. Qc2 b5 23. Be2 Be4 24. Qc1 c4 25. Rd1 Rad8 26. axb5 axb5 27. Ra7 Rxd1+ 28. Bxd1 Ra8 29. Rd7 h6 30. Bf3 Ra2 31. Bxe4 fxe4 32. Rd2 b4 33. Qb1 b3 34. Rd8+ Kh7 35. Rd4 c3 36. bxc3 Qf5 37. f4 Rc2 38. Qxb3 Rc1+ 39. Rd1 Rxd1+ 40. Qxd1 Qc5 41. Qd4 Qc6 42. g4 Qb7 43. Kh2 Qb1 44. c4 Qc2 45. c5 Kg8 46. Qd5+ Kh7 47. c6 Kh8 48. Qd8+ Kh7 49. c7 Qf2 50. c8=Q 1-0


[Site "https://www.chess.com"]

[Event "Titled Tuesday Blitz May 2 Early 2023"]
[White "Levitskiy, Andrey"]
[Black "Van Foreest, Jorden"]
[WhiteFideId "14132885"]
[BlackFideId "1039784"]
[WhiteElo "2341"]
[BlackElo "2633"]
[Result "0-1"]
[Round "03"]
[TimeControl "180+2"]
[Date "2023.05.02"]
[WhiteClock "0:00:03"]
[BlackClock "0:01:23"]

1. e4 e5 2. Nf3 Nc6 3. Bc4 Bc5 4. c3 Nf6 5. d3 d6 6. h3 a6 7. Bb3 Ba7 8. Nbd2 h6 9. Nf1 Ne7 10. Be3 Ng6 11. Bxa7 Rxa7 12. Ng3 O-O 13. O-O Re8 14. Re1 c6 15. d4 Ra8 16. Qc2 Be6 17. Rad1 Qc7 18. a4 Rad8 19. Bxe6 Rxe6 20. Qb3 Ree8 21. Nf5 exd4 22. Rxd4 c5 23. Rc4 Qc6 24. a5 Nxe4 25. Qc2 d5 26. Ra4 Nf4 27. Ng3 Qg6 28. Nh4 Nxg3 29. Nxg6 Rxe1+ 30. Kh2 Nf1+ 31. Kg1 Ne3+ 32. Kh2 Nxc2 33. Nxf4 d4 0-1


[Site "https://www.chess.com"]

[Event "Titled Tuesday Blitz May 2 Early 2023"]
[White "Henriquez Villagra, Cristobal"]
[Black "Aldokhin, Ivan"]
[WhiteFideId "3409350"]
[BlackFideId "24115720"]
[WhiteElo "2542"]
[BlackElo "2322"]
[Result "0-1"]
[Round "03"]
[TimeControl "180+2"]
[Date "2023.05.02"]
[WhiteClock "0:00:13"]
[BlackClock "0:00:20"]

1. e4 c5 2. Nf3 e6 3. g3 b6 4. Bg2 Bb7 5. d3 Nf6 6. O-O d5 7. exd5 Bxd5 8. c4 Bb7 9. d4 cxd4 10. Nxd4 Bxg2 11. Kxg2 a6 12. Nc3 Bc5 13. Qf3 Ra7 14. Nb3 Be7 15. Be3 Nbd7 16. Rfd1 Qc8 17. Rac1 Ne5 18. Qf4 Qc6+ 19. Kg1 Nf3+ 20. Kf1 e5 21. Qf5 Nxh2+ 22. Ke1 g6 23. Qh3 Qh1+ 24. Ke2 Qf3+ 25. Kd2 Nhg4 26. Kc2 Qf5+ 27. Rd3 Nxe3+ 0-1


[Site "https://www.chess.com"]

[Event "Titled Tuesday Blitz May 2 Early 2023"]
[White "Prohaszka, Peter"]
[Black "Sjugirov, Sanan"]
[WhiteFideId "726265"]
[BlackFideId "4189302"]
[WhiteElo "2626"]
[BlackElo "2569"]
[Result "1/2-1/2"]
[Round "03"]
[TimeControl "180+2"]
[Date "2023.05.02"]
[WhiteClock "0:00:05"]
[BlackClock "0:00:06"]

1. d4 Nf6 2. c3 g6 3. Bg5 Bg7 4. Nd2 d6 5. Ngf3 O-O 6. h3 h6 7. Bf4 Nc6 8. Bh2 Qe8 9. e4 e5 10. dxe5 Nxe5 11. Nxe5 dxe5 12. Be2 Qe7 13. O-O Rd8 14. Qc2 Nd7 15. a4 Nc5 16. b4 Ne6 17. Rfd1 Nf4 18. Bf1 Be6 19. a5 g5 20. Nc4 h5 21. Ne3 g4 22. hxg4 hxg4 23. Nf5 Qg5 24. Rxd8+ Rxd8 25. Rd1 a6 26. c4 c6 27. c5 Bxf5 28. exf5 Rxd1 29. Qxd1 Nd5 30. Qc2 Bf6 31. Bg3 Kg7 32. Bc4 Nxb4 33. Qb2 Nd5 34. Bxd5 cxd5 35. Qxb7 Qc1+ 36. Kh2 Qxc5 37. Qxa6 d4 38. Qb6 Qc8 39. a6 d3 40. Qd6 d2 41. Qxd2 Qxa6 42. Qe3 Qc4 43. Bxe5 Bxe5+ 44. Qxe5+ Kg8 45. Kg3 Qd3+ 46. Kxg4 Qd1+ 47. Kg3 Qd3+ 48. Qe3 Qxf5 49. Qf4 Qd3+ 50. Qf3 Qd6+ 51. Qf4 Qd3+ 52. f3 Qc2 53. Qg5+ Kf8 54. Qd8+ Kg7 55. Qd4+ Kf8 56. Qh8+ Ke7 57. Qh4+ Kf8 58. Qe4 Qc7+ 59. Qf4 Qb6 60. Qf5 Qd6+ 61. Kh3 Qb6 62. f4 Qh6+ 63. Kg3 Qb6 64. Qe4 Qb3+ 65. Qf3 Qb2 66. Kh3 Qh8+ 67. Kg3 Qg7+ 68. Kh2 Qh8+ 69. Kg1 Qd4+ 70. Kf1 Qa1+ 71. Kf2 Qd4+ 72. Qe3 Qb2+ 73. Kf3 Qb7+ 74. Kg3 Qb4 75. Kh3 Qd6 76. g4 Qh6+ 77. Kg3 Qh1 78. g5 Kg7 79. Qd4+ Kg8 80. Qd8+ Kg7 81. Qd4+ Kg8 82. Qe3 Kg7 83. Qf3 Qg1+ 84. Kh4 Qh2+ 85. Kg4 Qg1+ 86. Qg3 Qd1+ 87. Qf3 Qg1+ 88. Kf5 Qb1+ 89. Qe4 Qb5+ 90. Qe5+ Qxe5+ 91. Kxe5 Kg6 92. Kd6 Kf5 93. Ke7 Kxf4 94. Kf6 Kg4 95. g6 fxg6 96. Kxg6 1/2-1/2


[Site "https://www.chess.com"]

[Event "Titled Tuesday Blitz May 2 Early 2023"]
[White "Grigoriants, Sergey"]
[Black "Rakotomaharo, Fy Antenaina"]
[WhiteFideId "4130804"]
[BlackFideId "13100050"]
[WhiteElo "2502"]
[BlackElo "2427"]
[Result "1/2-1/2"]
[Round "03"]
[TimeControl "180+2"]
[Date "2023.05.02"]
[WhiteClock "0:00:04"]
[BlackClock "0:00:16"]

1. d4 Nf6 2. c4 g6 3. f3 d5 4. cxd5 Nxd5 5. e4 Nb6 6. Nc3 Bg7 7. Be3 O-O 8. Qd2 Nc6 9. O-O-O Qd6 10. Nb5 Qd7 11. h4 a6 12. Nc3 Rd8 13. d5 Na5 14. Bd4 Nac4 15. Qf2 e5 16. Bxb6 Nxb6 17. h5 Na4 18. Nge2 b5 19. hxg6 hxg6 20. Nxa4 bxa4 21. Nc3 Rb8 22. Bd3 a3 23. b3 Qe7 24. Bc4 Qb4 25. Kc2 Qxc4 26. Qh4 Qxc3+ 27. Kxc3 Bd7 28. Rh2 a5 29. Rdh1 a4 30. b4 c6 31. d6 Be6 32. Qg5 Rxd6 33. Rh8+ Bxh8 34. Rxh8+ Kxh8 35. Qxe5+ Kg8 36. Qxd6 Rc8 37. f4 Bxa2 38. f5 gxf5 39. exf5 Bd5 40. f6 a2 41. Qg3+ Kf8 42. Qd6+ Kg8 43. Qg3+ Kf8 44. Qd6+ Kg8 1/2-1/2


[Site "https://www.chess.com"]

[Event "Titled Tuesday Blitz May 2 Early 2023"]
[White "Sakun, Volodymyr"]
[Black "Chigaev, Maksim"]
[WhiteFideId "14114062"]
[BlackFideId "4108116"]
[WhiteElo "2318"]
[BlackElo "2547"]
[Result "0-1"]
[Round "03"]
[TimeControl "180+2"]
[Date "2023.05.02"]
[WhiteClock "0:00:05"]
[BlackClock "0:00:06"]

1. d4 Nf6 2. c4 g6 3. Nc3 Bg7 4. g3 O-O 5. Bg2 d6 6. Nf3 Nbd7 7. O-O e5 8. e4 b6 9. d5 Nc5 10. Ne1 a5 11. Rb1 Bd7 12. b3 h5 13. Bg5 Qe8 14. a3 Nh7 15. Be3 a4 16. b4 Nb3 17. Nc2 h4 18. Ne2 h3 19. Bh1 f5 20. Nc1 f4 21. Bd2 Nxd2 22. Qxd2 Bh6 23. Qe2 Ng5 24. Nd3 Kg7 25. f3 fxg3 26. hxg3 h2+ 27. Kxh2 Rh8 28. Bg2 Nxe4 29. fxe4 Be3+ 30. Bh3 Bxh3 31. Qxe3 Bxf1+ 32. Kg1 Bxd3 33. Qxd3 Qd7 34. Qf3 Qh3 35. Qg2 Qh6 36. Re1 Raf8 37. Ne3 Qg5 38. c5 bxc5 39. bxc5 Rf7 40. cxd6 cxd6 41. Nc4 Rf6 42. Rb1 Rhf8 43. Rb7+ Kg8 44. Rb1 Qg4 45. Ne3 Qg5 46. Nf1 Rf3 47. Ra1 Rd3 48. Qe2 Rd4 49. Kg2 Rc8 50. Rd1 Rdc4 51. Rd2 Rc3 52. Qf2 Rf8 53. Qe2 Qf6 54. Kg1 Rc1 55. Rd1 Rxd1 56. Qxd1 Qf2+ 57. Kh1 Kg7 58. Nh2 Rh8 59. Qg1 Qxg1+ 60. Kxg1 Rb8 61. Nf3 Rb3 62. Ng5 Rxa3 63. Ne6+ Kf6 64. Nc7 Rb3 0-1


[Site "https://www.chess.com"]

[Event "Titled Tuesday Blitz May 2 Early 2023"]
[White "Lenderman, Aleksandr"]
[Black "Riff, Vincent"]
[WhiteFideId "2021285"]
[BlackFideId "617776"]
[WhiteElo "2607"]
[BlackElo "2369"]
[Result "1-0"]
[Round "03"]
[TimeControl "180+2"]
[Date "2023.05.02"]
[WhiteClock "0:01:43"]
[BlackClock "0:02:07"]

1. Nf3 d5 2. e3 Nf6 3. c4 c6 4. Nc3 a6 5. d4 Bf5 6. Ne5 e6 7. g4 Be4 8. f3 Bg6 9. h4 h5 10. g5 Nfd7 11. Nxg6 fxg6 12. Bd3 Bb4 13. Bxg6+ Ke7 14. O-O Nf8 15. Bd3 Nbd7 16. f4 b5 17. cxd5 cxd5 18. f5 Qc7 19. Kg2 Bxc3 20. bxc3 Qxc3 21. Bd2 Qc6 22. Bb4+ Ke8 23. Rc1 Qb7 24. fxe6 Nxe6 25. Bg6+ Kd8 26. Ba5+ Nb6 27. Rf7 1-0


[Site "https://www.chess.com"]

[Event "Titled Tuesday Blitz May 2 Early 2023"]
[White "Arkell, Keith C"]
[Black "Ter-Sahakyan, Samvel"]
[WhiteFideId "400270"]
[BlackFideId "13302531"]
[WhiteElo "2319"]
[BlackElo "2566"]
[Result "0-1"]
[Round "03"]
[TimeControl "180+2"]
[Date "2023.05.02"]
[WhiteClock "0:00:29"]
[BlackClock "0:00:48"]

1. d4 Nf6 2. Nf3 d5 3. c4 e6 4. cxd5 exd5 5. Nc3 h6 6. Bf4 Bd6 7. Bxd6 Qxd6 8. e3 O-O 9. Be2 Bg4 10. O-O Bxf3 11. Bxf3 c6 12. Qc2 Nbd7 13. b4 a6 14. a4 b5 15. Rfb1 Nb6 16. Ra2 Nc4 17. Qb3 Rfe8 18. Rba1 Rab8 19. axb5 axb5 20. g3 h5 21. Ne2 h4 22. Nf4 g5 23. Nd3 Kg7 24. Bg2 hxg3 25. hxg3 Ng4 26. Re2 Qh6 27. Bf3 Qh2+ 28. Kf1 Re6 29. Ne5 Ngxe5 30. dxe5 Nxe5 31. Qc3 Rbe8 32. Ra7 Rf6 33. Bg2 Qxg3 34. Ra3 Rh8 35. e4 Qxc3 36. Rxc3 d4 37. Rc5 Re6 38. Rd2 Rd8 39. Ke2 d3+ 40. Ke1 Rd4 41. Rb2 g4 42. Kd2 Nc4+ 43. Kc3 Nxb2 44. Kxd4 d2 0-1


[Site "https://www.chess.com"]

[Event "Titled Tuesday Blitz May 2 Early 2023"]
[White "Baskin, Robert"]
[Black "Zhigalko, Sergei"]
[WhiteFideId "24662402"]
[BlackFideId "13502956"]
[WhiteElo "2472"]
[BlackElo "2626"]
[Result "1-0"]
[Round "03"]
[TimeControl "180+2"]
[Date "2023.05.02"]
[WhiteClock "0:00:10"]
[BlackClock "0:00:14"]

1. d4 Nf6 2. c4 e6 3. Nf3 b6 4. g3 Ba6 5. Qc2 Bb4+ 6. Bd2 Be7 7. e4 d5 8. cxd5 Bxf1 9. Kxf1 exd5 10. e5 Ne4 11. Nc3 Nxd2+ 12. Qxd2 Qd7 13. Kg2 Nc6 14. h4 Nd8 15. Ne2 Ne6 16. Rac1 O-O-O 17. b4 Kb7 18. Qc3 h6 19. Rc2 g5 20. h5 Rc8 21. Ra1 g4 22. Ne1 Ng5 23. a4 Qf5 24. Qc6+ Kb8 25. a5 Qe6 26. Qxe6 fxe6 27. Nf4 Bxb4 28. Ned3 Bxa5 29. Nc5 bxc5 30. Rxa5 cxd4 31. Rb2+ Ka8 32. Rba2 Kb7 33. Rxa7+ Kc6 34. R2a6+ Kd7 35. Rd6+ Ke8 36. Rc6 Rh7 37. Nxe6 Nxe6 38. Rxe6+ Re7 39. Rxh6 Rxe5 40. Rh8+ Kd7 41. Rh7+ 1-0


[Site "https://www.chess.com"]

[Event "Titled Tuesday Blitz May 2 Early 2023"]
[White "Lenaerts, Lennert"]
[Black "Suleymanli, Aydin"]
[WhiteFideId "211435"]
[BlackFideId "13413937"]
[WhiteElo "2334"]
[BlackElo "2559"]
[Result "0-1"]
[Round "03"]
[TimeControl "180+2"]
[Date "2023.05.02"]
[WhiteClock "0:02:35"]
[BlackClock "0:01:35"]

1. d4 e6 2. c4 d5 3. Nc3 c6 4. e3 Nf6 5. Nf3 Nbd7 6. b3 Bb4 7. Bd2 O-O 8. Bd3 Qe7 9. O-O b6 10. a3 Bxa3 11. e4 dxc4 12. bxc4 e5 13. Nxe5 Nxe5 14. dxe5 Ng4 15. Bf4 Bb2 0-1


[Site "https://www.chess.com"]

[Event "Titled Tuesday Blitz May 2 Early 2023"]
[White "Jia, Haoxiang"]
[Black "Durarbayli, Vasif"]
[WhiteFideId "8602999"]
[BlackFideId "13402935"]
[WhiteElo "2331"]
[BlackElo "2551"]
[Result "1-0"]
[Round "03"]
[TimeControl "180+2"]
[Date "2023.05.02"]
[WhiteClock "0:01:14"]
[BlackClock "0:00:06"]

1. Nf3 c5 2. e4 d6 3. Bb5+ Nd7 4. O-O a6 5. Bd3 Ngf6 6. c3 b5 7. a4 c4 8. Bc2 Bb7 9. Re1 e6 10. d3 cxd3 11. Qxd3 Nc5 12. Qd4 e5 13. Qb4 d5 14. exd5 Nd3 15. Qh4 Nxe1 16. Nxe1 Nxd5 17. Qg3 Qc7 18. axb5 axb5 19. Rxa8+ Bxa8 20. Bd3 Bc6 21. Nd2 Nf4 22. Bf1 h5 23. Ndf3 b4 24. Qg5 f6 25. Qf5 Qd7 26. Qc2 bxc3 27. bxc3 Bc5 28. Bxf4 exf4 29. Qg6+ Qf7 30. Qf5 Bxf2+ 31. Kxf2 O-O 32. Qxf4 Bxf3 33. Nxf3 Ra8 34. Bc4 1-0


[Site "https://www.chess.com"]

[Event "Titled Tuesday Blitz May 2 Early 2023"]
[White "Jeet, Jain"]
[Black "Bachmann, Axel"]
[WhiteFideId "5073022"]
[BlackFideId "3700488"]
[WhiteElo "2067"]
[BlackElo "2605"]
[Result "0-1"]
[Round "03"]
[TimeControl "180+2"]
[Date "2023.05.02"]
[WhiteClock "0:00:48"]
[BlackClock "0:00:41"]

1. Nf3 Nf6 2. g3 d5 3. d3 Bg4 4. Bg2 Nbd7 5. Nbd2 e5 6. e4 dxe4 7. dxe4 c6 8. O-O h6 9. h3 Be6 10. Qe2 Qc7 11. Rd1 Be7 12. Nf1 Nc5 13. Nh4 O-O 14. Nf5 Rfd8 15. Nxe7+ Qxe7 16. Bd2 Qc7 17. Bb4 Qb6 18. Bxc5 Qxc5 19. Ne3 b5 20. a3 a5 21. Rxd8+ Rxd8 22. Rd1 Rd6 23. Rxd6 Qxd6 24. Qd3 Qxd3 25. cxd3 Bb3 26. Kf1 Nd7 27. Ke2 Nc5 28. Kd2 b4 29. axb4 axb4 30. Nf5 Kf8 31. d4 Na4 32. Kc1 g6 33. Nxh6 exd4 34. Ng4 c5 35. f4 c4 36. Ne5 d3 37. Bf1 Nc5 38. f5 Nxe4 39. Nxd3 cxd3 40. Bxd3 gxf5 41. g4 fxg4 42. hxg4 Nf2 43. Be2 Be6 44. g5 Ne4 0-1


[Site "https://www.chess.com"]